[ AOE2 MATCH · #513891732 ]
UnrankedCumans vs Incas
Player's team · LOSS
Rival team · WIN
[ REPLAY ANALYSIS · EXTRACTED FROM THE RECORDED GAME ]
Feudal
9:16
Castle
24:04
Imperial
—
| APM avg | 85.2 |
| APM peak | 136 |
| eAPM avg | 28.8 |
| Villagers / military | 63 / 48 |
Focus
⚔️ 38.3% · 🌾 61.7%
Archer ×24 · Militia ×10 · Knight ×7 · Skirmisher ×4 · Mangonel ×1 · Scorpion ×1
Feudal
12:42
Castle
20:56
Imperial
—
| APM avg | 86.0 |
| APM peak | 135 |
| eAPM avg | 29.8 |
| Villagers / military | 71 / 42 |
Focus
⚔️ 47.5% · 🌾 52.5%
Archer ×39 · Unknown (2550) ×6 · Monk ×3
Match map
Initial resources + every placement click. Lines = walls · curves = elevation contours. ◆ gold · ⬟ stone · ● berries · ✦ relic · ◌ wall gap
Your base· Open — 4t gap
Hackali's base· Open — 8t gap
Smoothed initial terrain · ◌ = detected wall gap · hover for details
Inputs per minute
— Sapfiros - - Hackali
Build order — Sapfiros
First 150 of 196 actions detected
| 0:00 | Queue | Villager (Male) |
| 0:01 | Build | House |
| 0:05 | Build | House |
| 0:07 | Queue | Villager (Male) |
| 0:08 | Queue | Villager (Male) |
| 0:10 | Queue | Villager (Male) |
| 0:11 | Queue | Villager (Male) |
| 1:22 | Queue | Villager (Male) |
| 1:23 | Queue | Villager (Male) |
| 1:36 | Build | House |
| 2:00 | Queue | Villager (Male) |
| 2:01 | Queue | Villager (Male) |
| 2:13 | Build | Lumber Camp |
| 2:27 | Queue | Villager (Male) |
| 2:27 | Queue | Villager (Male) |
| 3:06 | Queue | Villager (Male) |
| 3:06 | Queue | Villager (Male) |
| 3:06 | Queue | Villager (Male) |
| 3:48 | Build | House |
| 4:05 | Queue | Villager (Male) |
| 4:06 | Queue | Villager (Male) |
| 4:14 | Queue | Villager (Male) |
| 4:14 | Queue | Villager (Male) |
| 4:46 | Queue | Villager (Male) |
| 5:09 | Build | Barracks |
| 5:31 | Queue | Villager (Male) |
| 5:33 | Research | Loom |
| 5:41 | Queue | Villager (Male) |
| 5:41 | Research | Loom |
| 5:55 | Queue | Villager (Male) |
| 6:13 | Build | Mill |
| 6:33 | Build | Palisade Wall |
| 6:35 | Build | Palisade Wall |
| 7:06 | Research | Feudal Age |
| 7:42 | Build | House |
| 7:45 | Queue | Militia |
| 7:46 | Queue | Militia |
| 7:46 | Queue | Militia |
| 7:57 | Build | Mining Camp |
| 8:03 | Build | Palisade Wall |
| 8:06 | Build | Palisade Wall |
| 8:07 | Build | Palisade Wall |
| 8:08 | Build | Palisade Wall |
| 8:15 | Build | House |
| 9:10 | Queue | Villager (Male) |
| 9:16 | Age | Feudal Age |
| 9:18 | Queue | Militia |
| 9:28 | Build | Palisade Wall |
| 9:42 | Queue | Villager (Male) |
| 9:51 | Queue | Villager (Male) |
| 9:59 | Build | Palisade Wall |
| 10:00 | Build | Palisade Wall |
| 10:19 | Research | Man-at-Arms (upgrade) |
| 10:23 | Build | House |
| 10:24 | Build | House |
| 10:26 | Build | Archery Range |
| 10:50 | Queue | Villager (Male) |
| 11:06 | Queue | Militia |
| 11:07 | Queue | Militia |
| 11:22 | Queue | Militia |
| 11:48 | Build | Blacksmith |
| 11:51 | Queue | Villager (Male) |
| 11:51 | Queue | Villager (Male) |
| 12:02 | Queue | Archer |
| 12:17 | Queue | Villager (Male) |
| 12:17 | Queue | Villager (Male) |
| 12:35 | Queue | Villager (Male) |
| 12:38 | Queue | Archer |
| 12:47 | Build | Farm |
| 12:48 | Build | Farm |
| 12:48 | Build | Farm |
| 12:48 | Build | Farm |
| 13:15 | Queue | Villager (Male) |
| 13:20 | Build | Blacksmith |
| 13:29 | Queue | Villager (Male) |
| 13:32 | Build | House |
| 13:33 | Build | House |
| 13:37 | Queue | Villager (Male) |
| 13:56 | Queue | Archer |
| 13:56 | Queue | Archer |
| 14:11 | Queue | Villager (Male) |
| 14:23 | Research | Forging |
| 14:37 | Queue | Villager (Male) |
| 14:45 | Build | Farm |
| 14:46 | Build | Farm |
| 14:46 | Build | Farm |
| 14:46 | Build | Farm |
| 15:02 | Research | Fletching |
| 15:03 | Research | Fletching |
| 15:07 | Queue | Villager (Male) |
| 15:19 | Queue | Villager (Male) |
| 15:23 | Queue | Militia |
| 15:26 | Build | House |
| 15:27 | Build | House |
| 15:32 | Build | Farm |
| 15:33 | Build | Farm |
| 16:07 | Queue | Villager (Male) |
| 16:18 | Build | Palisade Wall |
| 16:19 | Build | Palisade Wall |
| 16:24 | Queue | Militia |
| 16:29 | Queue | Villager (Male) |
| 16:47 | Build | Lumber Camp |
| 16:48 | Queue | Militia |
| 16:50 | Queue | Archer |
| 17:32 | Queue | Villager (Male) |
| 17:33 | Queue | Archer |
| 17:35 | Build | Archery Range |
| 17:45 | Build | Farm |
| 17:45 | Build | Farm |
| 17:45 | Build | Farm |
| 17:51 | Queue | Archer |
| 17:54 | Build | Farm |
| 17:54 | Build | Farm |
| 17:59 | Queue | Villager (Male) |
| 18:00 | Queue | Villager (Male) |
| 18:09 | Queue | Villager (Male) |
| 18:20 | Research | Double-Bit Axe |
| 18:25 | Build | Farm |
| 18:41 | Build | Palisade Wall |
| 18:43 | Build | Palisade Wall |
| 18:47 | Queue | Archer |
| 18:47 | Queue | Archer |
| 18:48 | Queue | Villager (Male) |
| 19:11 | Queue | Archer |
| 19:15 | Queue | Villager (Male) |
| 19:24 | Build | House |
| 19:35 | Queue | Archer |
| 19:35 | Queue | Archer |
| 19:54 | Build | Palisade Wall |
| 19:59 | Build | Farm |
| 20:03 | Build | Market |
| 20:03 | Queue | Villager (Male) |
| 20:03 | Queue | Villager (Male) |
| 20:07 | Queue | Archer |
| 20:07 | Queue | Archer |
| 20:19 | Queue | Villager (Male) |
| 20:54 | Queue | Archer |
| 20:54 | Queue | Archer |
| 21:24 | Research | Castle Age |
| 21:25 | Research | Castle Age |
| 21:32 | Queue | Archer |
| 21:33 | Queue | Archer |
| 21:38 | Queue | Villager (Male) |
| 21:43 | Build | Stable |
| 22:03 | Build | House |
| 22:09 | Queue | Archer |
| 22:09 | Queue | Archer |
| 22:37 | Queue | Archer |
| 22:38 | Queue | Archer |
| 22:55 | Queue | Scout Cavalry |
Build order — Hackali
First 150 of 197 actions detected
| 0:01 | Queue | Villager (Male) |
| 0:02 | Build | House |
| 0:03 | Build | House |
| 0:03 | Queue | Villager (Male) |
| 0:04 | Queue | Villager (Male) |
| 0:12 | Queue | Villager (Male) |
| 1:13 | Queue | Villager (Male) |
| 1:44 | Queue | Villager (Male) |
| 1:44 | Queue | Villager (Male) |
| 2:25 | Build | Barracks |
| 2:32 | Queue | Villager (Male) |
| 2:32 | Queue | Villager (Male) |
| 2:49 | Queue | Villager (Male) |
| 2:49 | Queue | Villager (Male) |
| 3:15 | Queue | Villager (Male) |
| 3:44 | Queue | Villager (Male) |
| 3:59 | Queue | Villager (Male) |
| 3:59 | Queue | Villager (Male) |
| 4:06 | Queue | Unit 2550 |
| 4:06 | Queue | Unit 2550 |
| 4:20 | Queue | Villager (Male) |
| 4:40 | Queue | Unit 2550 |
| 5:02 | Queue | Villager (Male) |
| 5:15 | Queue | Villager (Male) |
| 5:15 | Queue | Villager (Male) |
| 5:22 | Build | Settlement |
| 5:30 | Queue | Unit 2550 |
| 5:33 | Queue | Villager (Male) |
| 5:33 | Queue | Villager (Male) |
| 6:03 | Queue | Villager (Male) |
| 6:14 | Queue | Villager (Male) |
| 6:32 | Queue | Villager (Male) |
| 6:45 | Queue | Unit 2550 |
| 6:47 | Queue | Villager (Male) |
| 6:47 | Queue | Villager (Male) |
| 6:57 | Queue | Villager (Male) |
| 6:57 | Queue | Villager (Male) |
| 7:12 | Build | Palisade Wall |
| 7:13 | Build | House |
| 7:28 | Queue | Villager (Male) |
| 8:08 | Build | Settlement |
| 8:13 | Build | Palisade Wall |
| 8:14 | Build | Palisade Wall |
| 8:15 | Build | Palisade Wall |
| 8:52 | Queue | Villager (Male) |
| 8:52 | Queue | Villager (Male) |
| 9:08 | Queue | Villager (Male) |
| 9:30 | Research | Loom |
| 9:43 | Build | Farm |
| 9:44 | Build | Farm |
| 9:45 | Build | Farm |
| 9:54 | Build | Palisade Wall |
| 10:23 | Research | Feudal Age |
| 10:23 | Research | Feudal Age |
| 10:23 | Research | Feudal Age |
| 10:29 | Build | Palisade Wall |
| 10:30 | Queue | Villager (Male) |
| 10:36 | Queue | Unit 2550 |
| 11:08 | Queue | Villager (Male) |
| 11:26 | Build | Settlement |
| 11:32 | Build | Settlement |
| 11:58 | Build | House |
| 12:08 | Build | Palisade Wall |
| 12:21 | Build | Palisade Gate |
| 12:42 | Age | Feudal Age |
| 12:45 | Queue | Villager (Male) |
| 12:50 | Build | Archery Range |
| 12:55 | Build | Palisade Wall |
| 12:57 | Build | Palisade Wall |
| 12:58 | Build | Palisade Wall |
| 13:00 | Build | Palisade Wall |
| 13:01 | Build | Palisade Wall |
| 13:03 | Build | Palisade Wall |
| 13:04 | Build | Palisade Wall |
| 13:12 | Queue | Villager (Male) |
| 13:31 | Queue | Villager (Male) |
| 13:51 | Queue | Archer |
| 13:55 | Queue | Villager (Male) |
| 13:58 | Queue | Archer |
| 14:07 | Queue | Villager (Male) |
| 14:10 | Build | Palisade Gate |
| 14:18 | Queue | Villager (Male) |
| 14:30 | Build | Farm |
| 14:32 | Build | Farm |
| 14:33 | Queue | Archer |
| 14:48 | Build | Farm |
| 14:48 | Queue | Villager (Male) |
| 15:01 | Queue | Archer |
| 15:01 | Queue | Archer |
| 15:31 | Queue | Villager (Male) |
| 15:33 | Queue | Archer |
| 15:39 | Build | Farm |
| 15:39 | Build | Farm |
| 15:41 | Build | Farm |
| 16:03 | Queue | Archer |
| 16:11 | Build | Blacksmith |
| 16:20 | Build | Farm |
| 16:21 | Queue | Villager (Male) |
| 16:37 | Research | Fletching |
| 16:37 | Queue | Villager (Male) |
| 16:46 | Build | Palisade Wall |
| 16:46 | Build | Palisade Wall |
| 16:48 | Build | Palisade Wall |
| 16:55 | Queue | Archer |
| 16:59 | Build | Farm |
| 17:07 | Queue | Villager (Male) |
| 17:37 | Build | Settlement |
| 17:46 | Queue | Villager (Male) |
| 18:17 | Research | Castle Age |
| 18:33 | Research | Double-Bit Axe |
| 18:33 | Research | Double-Bit Axe |
| 18:42 | Build | House |
| 18:42 | Build | Palisade Wall |
| 19:05 | Research | Horse Collar |
| 19:05 | Research | Horse Collar |
| 19:08 | Queue | Villager (Male) |
| 19:08 | Queue | Archer |
| 19:14 | Queue | Archer |
| 19:35 | Build | Palisade Wall |
| 20:05 | Research | Padded Archer Armor |
| 20:05 | Research | Padded Archer Armor |
| 20:10 | Build | Palisade Wall |
| 20:11 | Queue | Villager (Male) |
| 20:13 | Build | Archery Range |
| 20:29 | Queue | Archer |
| 20:29 | Queue | Archer |
| 20:56 | Age | Castle Age |
| 20:59 | Research | Bodkin Arrow |
| 20:59 | Research | Bodkin Arrow |
| 20:59 | Research | Bodkin Arrow |
| 21:03 | Build | House |
| 21:22 | Build | Farm |
| 21:25 | Queue | Archer |
| 21:25 | Queue | Archer |
| 21:26 | Queue | Archer |
| 21:26 | Queue | Archer |
| 21:49 | Research | Crossbowman (upgrade) |
| 21:51 | Queue | Archer |
| 21:51 | Queue | Archer |
| 22:06 | Queue | Archer |
| 22:06 | Queue | Archer |
| 22:16 | Build | Palisade Wall |
| 22:17 | Queue | Villager (Male) |
| 22:17 | Queue | Villager (Male) |
| 22:18 | Build | Farm |
| 23:00 | Queue | Villager (Male) |
| 23:01 | Queue | Villager (Male) |
| 23:02 | Queue | Villager (Male) |
| 23:05 | Build | Town Center |
| 24:05 | Queue | Archer |
Match timeline
| 2:25 | Hackali · first_building Barracks |
| 5:09 | Sapfiros · first_building Barracks |
| 6:33 | Sapfiros · wall_segment Palisade Wall x1 |
| 6:35 | Sapfiros · wall_segment Palisade Wall x1 |
| 7:12 | Hackali · wall_segment Palisade Wall x18 |
| 8:03 | Sapfiros · wall_segment Palisade Wall x1 |
| 8:06 | Sapfiros · wall_segment Palisade Wall x1 |
| 8:07 | Sapfiros · wall_segment Palisade Wall x1 |
| 8:08 | Sapfiros · wall_segment Palisade Wall x1 |
| 8:13 | Hackali · wall_segment Palisade Wall x8 |
| 8:14 | Hackali · wall_segment Palisade Wall x11 |
| 8:15 | Hackali · wall_segment Palisade Wall x8 |
| 9:16 | Sapfiros · age_up feudal |
| 9:28 | Sapfiros · wall_segment Palisade Wall x1 |
| 9:54 | Hackali · wall_segment Palisade Wall x12 |
| 9:59 | Sapfiros · wall_segment Palisade Wall x1 |
| 10:00 | Sapfiros · wall_segment Palisade Wall x1 |
| 10:26 | Sapfiros · first_building Archery Range |
| 10:29 | Hackali · wall_segment Palisade Wall x14 |
| 12:08 | Hackali · wall_segment Palisade Wall x4 |
| 12:42 | Hackali · age_up feudal |
| 12:50 | Hackali · first_building Archery Range |
| 12:55 | Hackali · wall_segment Palisade Wall x3 |
| 12:57 | Hackali · wall_segment Palisade Wall x1 |
| 12:58 | Hackali · wall_segment Palisade Wall x1 |
| 13:00 | Hackali · wall_segment Palisade Wall x1 |
| 13:01 | Hackali · wall_segment Palisade Wall x1 |
| 13:03 | Hackali · wall_segment Palisade Wall x1 |
| 13:04 | Hackali · wall_segment Palisade Wall x1 |
| 16:18 | Sapfiros · wall_segment Palisade Wall x1 |
| 16:19 | Sapfiros · wall_segment Palisade Wall x1 |
| 16:46 | Hackali · wall_segment Palisade Wall x1 |
| 16:46 | Hackali · wall_segment Palisade Wall x1 |
| 16:48 | Hackali · wall_segment Palisade Wall x8 |
| 18:41 | Sapfiros · wall_segment Palisade Wall x1 |
| 18:42 | Hackali · wall_segment Palisade Wall x11 |
| 18:43 | Sapfiros · wall_segment Palisade Wall x14 |
| 19:35 | Hackali · wall_segment Palisade Wall x6 |
| 19:54 | Sapfiros · wall_segment Palisade Wall x1 |
| 20:10 | Hackali · wall_segment Palisade Wall x7 |
| 20:56 | Hackali · age_up castle |
| 21:05 | Sapfiros · first_market_sell 100 wood |
| 21:07 | Sapfiros · first_market_buy 100 food |
| 21:43 | Sapfiros · first_building Stable |
| 22:16 | Hackali · wall_segment Palisade Wall x8 |
| 24:04 | Sapfiros · age_up castle |
| 24:12 | Sapfiros · first_building Siege Workshop |
| 25:58 | Hackali · first_building Monastery |
| 27:49 | Sapfiros · wall_segment Palisade Wall x8 |
| 28:29 | Sapfiros · resign |
[ AI ANALYSIS · 1 CREDIT ]
What really happened in this match?
Wolo.gg analyzes every decision: build order, eco, micro, common mistakes by bracket. Personalized analysis on WhatsApp or Discord in 30 seconds.
Civ guide
Cumans
Perfil
Jugador #16369027